 Dungeon Crawl Stone Soup version 0.30.0-10-gfe55d96785 (webtiles) character file.

Game seed: 4246613895630821442

5455 Jackthecabe the Thaumaturge (level 11, -3/82 HPs)
             Began as a Djinni Fighter on May 16, 2023.
             Was a Priest of Ashenzari.
             Killed from afar by a starcursed mass (9 damage)
             ... with an accursed screaming
             ... on level 2 of the Abyss.
             The game lasted 00:25:02 (9770 turns).

Jackthecabe the Thaumaturge (Djinni Fighter)        Turns: 9770, Time: 00:25:02

Health: -3/82      AC:  8    Str: 15      XL:     11   Next: 0%
Gold:   359        EV: 11    Int: 14      God:    Ashenzari [***...] SH:  5 Dex: 10 (13)

rFire   + + +        s - +2 spear of Crusades {flame, +Blink rPois rN+}
rCold   . . .        c - +0 buckler
rNeg    + . .        n - +2 robe of Ashenzari's Seeker {Will+, Fort, Range} (curse)
rPois   ∞            q - +1 helmet "Ensconced Together" {Evo, Self} (curse)
rElec   .            M - scarf "Bound With Me" {rC+ rF+, Self, Fort} (curse)
rCorr   .            N - +0 pair of gloves of Star-Bound Wisdom {Fort, Cun} (curse)
SInv    +            (boots unavailable)
Will    ++...        (no amulet)
Stlth   ++           Y - +4 ring of slaying
HPRegen 0.33/turn    y - ring "Enigmatic Urgency" {Slay+4, Cun, Melee} (curse)
MPRegen 0.00/turn

%: clarity, infuse magic (-4 HP)
@: about to teleport, flying, studying Throwing, invisible
A: sickness immunity, fire resistance 2, cold vulnerability 1, float, innate
caster, HP casting, extra vitality 1
a: Renounce Religion, Evoke Blink, Shatter the Chains


You were on level 2 of the Abyss.
You worshipped Ashenzari.
Ashenzari was most pleased with you.
You visited 2 branches of the dungeon, and saw 10 of its levels.
You visited the Abyss 1 time.
You also visited: Ossuary and Bailey.

You collected 359 gold pieces.


Innate Abilities, Weirdness & Mutations

You are immune to sickness and miasma.
You are immune to poison.
Your flesh is very heat resistant. (rF++)
You are vulnerable to cold. (rC-)
You float through the air rather than walking.
You learn spells naturally, not from books.
Your magical power is your life essence.
You have superior vitality. (+4 MHP)


   Skills:
 - Level 6.1(8.4) Fighting
 - Level 2.0(3.1) Short Blades
 - Level 2.0(3.1) Polearms
 - Level 3.0(5.5) Armour
 + Level 1.8(3.4) Stealth
 - Level 3.0(5.5) Shields
 - Level 10.9(13.1) Spellcasting


You knew the following spells:

 Your Spells              Type           Power      Damage    Failure   Level
a - Passwall              Tmut/Erth      37%        N/A       1%          2
i - Alistair's Intoxicat  Tmut/Pois      30%        N/A       1%          5
s - Spider Form           Tmut/Pois      45%        N/A       1%          3
z - Sting                 Tmut/Pois      100%       1d8       1%          1
X - Flame Wave            Conj/Fire      45%        2d12      1%          4
Your spell library was empty.

Inventory:

Hand Weapons
 a - a +0 rapier
 s - the +2 spear of Crusades (weapon) {flame, +Blink rPois rN+}
   (You found it on level 2 of the Dungeon)

   rPois:     It protects you from poison.
   rN:        It protects you from negative energy.
   +Blink:    It lets you blink.
 B - a +1 dagger of holy wrath
Missiles
 o - 2 curare-tipped darts {=f}
 x - a throwing net {=f}
Armour
 b - a +0 scale mail
 c - a +0 buckler (worn)
 k - a +1 cloak
 n - the cursed +2 robe of Ashenzari's Seeker (worn) {Will+, Fort, Range}
   (You took it off Jessica on level 1 of the Dungeon)

   It has a curse which improves the following skills: Fortitude: Armour and
   Shields.
   Ranged Combat: Ranged Weapons and Throwing.
 q - the cursed +1 helmet "Ensconced Together" (worn) {Evo, Self}
   (You took it off Robin on level 2 of the Dungeon)

   It has a curse which improves the following skills: Evocations: Evocations.
   Introspection: Fighting and Spellcasting.
 w - +0 steam dragon scales
 C - the +0 leather armour of the Devil's Team {rCorr Dex-4 SInv}
   (You found it on level 4 of the Dungeon)

   Dex:       It affects your dexterity (-4).
   SInv:      It lets you see invisible.
   rCorr:     It protects you from acid and corrosion.
 M - the cursed scarf "Bound With Me" (worn) {rC+ rF+, Self, Fort}
   (You found it on level 6 of the Dungeon)

   It has a curse which improves the following skills: Introspection: Fighting
   and Spellcasting.
   Fortitude: Armour and Shields.
 N - the cursed +0 pair of gloves of Star-Bound Wisdom (worn) {Fort, Cun}
   (You found it on level 6 of the Dungeon)

   It has a curse which improves the following skills: Fortitude: Armour and
   Shields.
   Cunning:   Dodging and Stealth.
 Q - the +2 leather armour of Lotaf {Harm rPois Int-5}
   (You found it in a bailey)

   Int:       It affects your intelligence (-5).
   rPois:     It protects you from poison.
   Harm:      It increases damage dealt and taken.
 S - a +1 scale mail of willpower
Magical Staves
 p - a staff of conjuration {!a}
 P - a staff of cold {!a}
Jewellery
 e - a +5 ring of evasion
 v - an amulet of faith {!P}
 y - the cursed ring "Enigmatic Urgency" (right hand) {Slay+4, Cun, Melee}
   (You found it on level 4 of the Dungeon)

   [ring of slaying]

   Slay:      It affects your accuracy & damage with ranged weapons and melee
   (+4).
   It has a curse which improves the following skills: Cunning: Dodging and
   Stealth.
   Melee Combat: Short Blades, Long Blades, Axes, Maces & Flails, Polearms,
   Staves and Unarmed Combat.
 E - a +5 ring of evasion
 R - a ring of resist corrosion
 Y - a +4 ring of slaying (left hand)
 Z - a ring of wizardry
Wands
 I - a wand of paralysis (7)
 K - a wand of polymorph (9)
 T - a wand of flame (10)
Scrolls
 j - 2 scrolls of magic mapping
 l - a scroll of blinking
 m - 3 scrolls of fog
 u - 2 scrolls of enchant weapon
 A - a scroll of fear
 J - a scroll of enchant armour
 O - 2 scrolls of vulnerability
 V - a scroll of teleportation {@r2}
Potions
 d - 2 potions of might
 f - 4 potions of curing {@q1}
 g - 2 potions of ambrosia
 i - 3 potions of lignification
 r - 2 potions of mutation
 z - 4 potions of brilliance
 D - 2 potions of resistance
 G - a potion of berserk rage {!q}
 U - a potion of attraction
Miscellaneous
 h - a lightning rod (4/4)

Dungeon Overview and Level Annotations

Branches:
Dungeon (9/15)             Temple (1/1) D:6         Ossuary (visited)
 Bailey (visited)
   Lair: D:8-11         Orc: D:9-12

Altars:
Ashenzari
Cheibriados
Dithmenos
Fedhas
Gozag
Hepliaklqana
Makhleb
Nemelex Xobeh
Okawaru
Qazlal
Ru
Trog
Uskayaw
Wu Jian
Xom
Yredelemnul
Zin
The Shining One

Annotations:
D:2 1 runed translucent door, Crazy Yiuf
D:4 3 runed translucent doors, Grinder; OldManVictorn's ghost, weakling GnDe
D:9 Psyche

, , * , .... . *
...▒. * , ▒▒ ###8.
▒.## . ... ... *
.▒.#8 ,,... ,* *
.. .##░##▒▒. , ,
....░▓.#....▒▒,, ,
. #, ..##░##,▒@▒*
* * ░ .*.
..#....▒▒ , *
░...... .#.#.. *
*, ......#*
.....▒. , X.#..
.##X..▒▒.▒. *,
#,##.XX#.XX......
, , .*..
.#X{X▒X2..▒** * ,
.##...#§▒X.X.....▒
**..░*.
▒....▒.....


You could see 5 starcursed masses and a thrashing horror (unable to see you).


Message History

Okay, then.
You feel much better. The thrashing horror tramples you!
* * * LOW HITPOINT WARNING * * *
You hold your ground!
The thrashing horror tramples you.
* * * LOW HITPOINT WARNING * * *
You hold your ground!
The starcursed mass barely misses you. You block the starcursed mass's attack.
The starcursed mass touches you!
* * * LOW HITPOINT WARNING * * *
The starcursed mass touches you.
* * * LOW HITPOINT WARNING * * *
Unknown command.
Unknown command.
Unknown command.
Okay, then.
Unknown command.
Unknown command.
You fade into invisibility!
The starcursed mass touches you but does no damage.
The starcursed mass touches you!
* * * LOW HITPOINT WARNING * * *
You block the starcursed mass's attack. The starcursed mass touches you.
* * * LOW HITPOINT WARNING * * *
Unknown command.
Unknown command.
Unknown command.
Blink to where?
Press: ? - help, Dir - move target
As you read the scroll of blinking, it crumbles to dust.
A deafening chorus of shrieks assaults your mind!
You die...

Skill      XL: |  1  2  3  4  5  6  7  8  9 10 |
---------------+-------------------------------+-----
Spellcasting   | 1 2 3 4 6 8 10 | 10.9
Short Blades   | 2 |  2.0
Fighting       | 4 6 |  6.1
Polearms       | 2 |  2.0
Stealth        | 1 |  1.8
Armour         | |  3.0
Shields        | |  3.0

Action                     |  1- 3 |  4- 6 |  7- 9 | 10-12 || total
---------------------------+-------+-------+-------+-------++-------
  Melee: Rapier            |    49 |    20 |       |       ||    69
         Spear             |       |    88 |   196 |   129 ||   413
   Cast: Sting             |     2 |   139 |    53 |    56 ||   250
         Flame Wave        |       |       |       |     1 ||     1
 Invoke: Curse Item        |       |       |     1 |     4 ||     5
    Use: Scroll            |       |       |       |     4 ||     4
         Potion            |       |       |       |     5 ||     5
   Stab: Sleeping          |       |     2 |     1 |       ||     3
 Armour: Scale mail        |    22 |       |       |       ||    22
         Robe              |     5 |    61 |    40 |    52 ||   158
         Skin              |       |     2 |       |       ||     2
  Dodge: Dodged            |    25 |    81 |    59 |    59 ||   224
  Block: Buckler           |    10 |    32 |    25 |    47 ||   114

Levels and vault maps discovered:
D:1:      minmay_arrival_four_loops, layout_basic, minmay_misc_feat_rugged
D:2:      layout_rooms, minmay_3d_cube, uniq_robin, uniq_crazy_yiuf_cottage,
          uniq_jessica
D:3:      kennysheep_six_static_rooms, layout_loops_ring, uniq_natasha
D:4:      layout_cave_pods, nemelex_spade_bored_becter, enter_ossuary_1,
          ebering_ghost_rock_garden, uniq_grinder, uniq_pikel
D:5:      layout_basic, fountainhead
D:6:      layout_loops_ring, mainiacjoe_overflow_cross_hatched,
          minmay_temple_entry_trees
D:7:      layout_loops_ring, kennysheep_little_box, enter_bailey_3
D:8:      layout_basic
D:9:      layout_rooms, skrybe_limestone_x, uniq_erica, uniq_psyche
Temple:   mainiacjoe_temple_bowtie_tessellation
Abyss:2:  base: D:9, hangedman_eye_storm, evilmike_abyss_exit_13,
          small_statue_intersection

Notes
Turn   | Place    | Note
-------+----------+-------------------------------------------
     0 | D:1      | Jackthecabe the Djinni Fighter began the quest for the Orb.
     0 | D:1      | Reached XP level 1. HP: 20/20 MP: 0/0
   188 | D:1      | Reached XP level 2. HP: 25/25 MP: 0/0
   357 | D:1      | Reached skill level 1 in Spellcasting
   751 | D:2      | Noticed Robin
   756 | D:1      | Reached XP level 3. HP: 30/30 MP: 0/0
   756 | D:1      | Learned a level 1 spell: Sting
   908 | D:2      | Noticed Jessica
   914 | D:1      | Killed Jessica
   915 | D:1      | Reached skill level 2 in Short Blades
  1026 | D:2      | Reached XP level 4. HP: 35/37 MP: 0/0
  1220 | D:1      | Reached skill level 4 in Fighting
  1524 | D:2      | Found a runed translucent door.
  1525 | D:2      | Noticed Crazy Yiuf
  1553 | D:2      | Killed Robin
  1561 | D:2      | Reached skill level 2 in Spellcasting
  1770 | D:2      | Reached XP level 5. HP: 36/41 MP: 0/0
  1770 | D:2      | Learned a level 2 spell: Passwall
  1795 | D:2      | Identified the +2 spear of Crusades {flame, +Blink rPois
                  | rN+}
  2200 | D:3      | Reached skill level 3 in Spellcasting
  2358 | D:3      | Noticed Natasha
  2383 | D:3      | Killed Natasha
  2384 | D:3      | Reached XP level 6. HP: 40/47 MP: 0/0
  3118 | D:4      | Found a runed translucent gate.
  3118 | D:4      | Found a runed translucent gate.
  3118 | D:4      | Found a runed translucent gate.
  3118 | D:4      | Noticed OldManVictorn's ghost (weakling GnDe)
  3165 | D:4      | Noticed Grinder
  3195 | D:4      | Paralysed by Grinder for 3 turns
  3200 | D:4      | Paralysed by Grinder for 2 turns
  3385 | D:4      | Reached skill level 4 in Spellcasting
  3404 | D:4      | Identified the +0 leather armour of the Devil's Team {rCorr
                  | Dex-4 SInv}
  3446 | D:4      | Found a sand-covered staircase.
  3456 | Ossuary  | Entered an ossuary
  3509 | Ossuary  | Reached XP level 7. HP: 52/52 MP: 0/0
  3509 | Ossuary  | Learned a level 3 spell: Spider Form
  3661 | D:4      | Noticed Pikel
  3677 | D:4      | Killed Pikel
  3678 | D:4      | Reached skill level 6 in Spellcasting
  3678 | D:4      | Reached skill level 2 in Polearms
  3678 | D:4      | Reached XP level 8. HP: 26/58 MP: 0/0
  3804 | D:4      | Found a sparkling altar of Nemelex Xobeh.
  4120 | D:5      | Entered Level 5 of the Dungeon
  4194 | D:5      | Reached skill level 5 in Fighting
  4549 | D:5      | Reached skill level 6 in Fighting
  4641 | D:5      | Reached XP level 9. HP: 53/66 MP: 0/0
  4641 | D:5      | Learned a level 4 spell: Flame Wave
  5388 | D:6      | Found a snail-covered altar of Cheibriados.
  5408 | D:6      | Reached skill level 7 in Spellcasting
  5604 | D:6      | Identified a scarf of resistance
  5615 | D:6      | Found a staircase to the Ecumenical Temple.
  5634 | Temple   | Entered the Ecumenical Temple
  5871 | Temple   | Became a worshipper of Ashenzari the Shackled
  6415 | D:7      | Found a flagged portal.
  6424 | Bailey   | Entered a bailey
  6431 | Bailey   | Noticed an orc knight
  6451 | Bailey   | Reached skill level 8 in Spellcasting
  6509 | Bailey   | Identified the +2 leather armour of Lotaf {Harm rPois
                  | Int-5}
  6868 | Bailey   | Killed an orc knight
  6869 | Bailey   | Reached XP level 10. HP: 70/73 MP: 0/0
  7032 | D:7      | Reached skill level 9 in Spellcasting
  7521 | D:7      | Reached * piety under Ashenzari
  7521 | D:7      | Identified a potion of resistance
  7712 | D:7      | Found a glowing silver altar of Zin.
  8144 | D:8      | Reached skill level 10 in Spellcasting
  8315 | D:8      | Reached ** piety under Ashenzari
  8806 | D:9      | Noticed Erica
  8814 | D:9      | Killed Erica
  9284 | D:9      | Reached *** piety under Ashenzari
  9303 | D:9      | Noticed Psyche
  9338 | D:8      | Identified the cursed +1 helmet "Ensconced Together" {Evo,
                  | Self} (You took it off Robin on level 2 of the Dungeon)
  9338 | D:8      | Identified the cursed +0 pair of gloves of Star-Bound
                  | Wisdom {Fort, Cun} (You found it on level 6 of the Dungeon)
  9338 | D:8      | Identified the cursed +2 robe of Ashenzari's Seeker {Will+,
                  | Fort, Range} (You took it off Jessica on level 1 of the
                  | Dungeon)
  9338 | D:8      | Identified the cursed ring "Enigmatic Urgency" {Slay+4,
                  | Cun, Melee} (You found it on level 4 of the Dungeon)
  9413 | D:9      | You are cast into the Abyss!
  9413 | Abyss:1  | Cast into level 1 of the Abyss (Psyche)
  9423 | Abyss:1  | Found a corrupted altar of Lugonu.
  9445 | Abyss:1  | Noticed a wretched star
  9462 | Abyss:1  | Noticed an orange demon
  9599 | Abyss:2  | Noticed a starcursed mass
  9615 | Abyss:2  | Noticed a glowing orange brain
  9653 | Abyss:2  | Reached skill level 1 in Stealth
  9702 | Abyss:2  | Noticed a lich
  9765 | Abyss:2  | Noticed a thrashing horror
  9765 | Abyss:2  | Noticed a blizzard demon
  9767 | Abyss:2  | Reached XP level 11. HP: 19/82 MP: 0/0
  9767 | Abyss:2  | Learned a level 5 spell: Alistair's Intoxication
  9769 | Abyss:2  | HP: 5/82 [starcursed mass (6)]
  9770 | Abyss:2  | Killed from afar by a starcursed mass

Vanquished Creatures
  Erica (D:9)
  Pikel (D:4)
  An orc knight (Bailey)
  An ancient zyme (Abyss:2)
  2 wyverns
  2 steam dragons
  3 water moccasins
  3 orc warriors
  2 ogres (D:5)
  An ice beast (D:7)
  2 centaurs
  5 kobold brigands
  A phantom (D:5)
  4 bullfrogs
  2 water moccasin zombies (Ossuary)
  8 wights
  2 howler monkeys (D:6)
  A jelly (D:6)
  2 orc priests
  4 hounds
  A gnoll bouda (D:7)
  2 sleepcaps (D:6)
  A starcursed mass (Abyss:2)
  Jessica (D:1)
  An iguana (D:6)
  Natasha (D:3)
  5 orc wizards
  2 mummies (Ossuary)
  Robin (D:2)
  7 adders
  8 gnolls
  A shadow imp (D:6)
  2 ufetubi
  7 adder zombies (Ossuary)
  4 worms
  2 dart slugs
  13 orcs
  8 bats
  5 endoplasms
  4 giant cockroaches
  4 gnoll zombies (Ossuary)
  10 hobgoblins
  11 jackals
  3 quokkas
  5 ball pythons
  6 frilled lizards
  22 goblins
  8 hobgoblin zombies (Ossuary)
  31 kobolds
  A kobold zombie (Ossuary)
  8 orc zombies (Ossuary)
  5 rats
  A lurking horror (Abyss:2)
239 creatures vanquished.

Vanquished Creatures (others)
  7 kobolds
7 creatures vanquished.

Grand Total: 246 creatures vanquished

Table legend: (Time is in decaauts)
 A = Elapsed time spent in this place.
 B = Non-inter-level travel time spent in this place.
 C = Inter-level travel time spent in this place.
 D = Time resting spent in this place.
 E = Time spent auto-exploring this place.
 F = Levels seen in this place.
 G = Mean time per level.
                   A        B        C        D        E       F      G
               +--------+--------+--------+--------+--------+-----+--------+
         Total |   9825 |   9314 |    511 |    747 |   6091 |  14 |  701.8 |
       Dungeon |   8452 |   7986 |    466 |    455 |   5730 |   9 |  939.1 |
        Temple |    246 |    201 |     45 |      0 |    188 |   1 |  246.0 |
         Abyss |    376 |    376 |      0 |    121 |      0 |   2 |  188.0 |
       Ossuary |    193 |    193 |      0 |      0 |     83 |   1 |  193.0 |
        Bailey |    555 |    555 |      0 |    171 |     90 |   1 |  555.0 |
               +--------+--------+--------+--------+--------+-----+--------+

Top non-repeatable levels by time:
     D:5: 1268 daAuts
     D:1: 1178 daAuts
     D:3: 1055 daAuts
     D:7: 1006 daAuts
     D:4: 887 daAuts
     D:8: 874 daAuts
     D:2: 839 daAuts
     D:6: 758 daAuts
     D:9: 584 daAuts
  Bailey: 555 daAuts
 Abyss:2: 325 daAuts
  Temple: 246 daAuts
 Ossuary: 193 daAuts
 Abyss:1: 50 daAuts

Table legend:
 A = Non-vault XP
 B = Vault XP
 C = Vault XP percentage of total XP
 D = Non-vault monster count
 E = Vault monster count
 F = Vault count percentage of total count
                 A         B        C        D         E       F
            +---------+---------+-------+---------+---------+-------
      Total |    4970 |    2823 |  36.2 |     157 |      81 |  34.0
            +---------+---------+-------+---------+---------+-------
        D:1 |      42 |      41 |  49.4 |      26 |       3 |  10.3
        D:2 |      31 |      37 |  54.4 |      14 |      14 |  50.0
        D:3 |     154 |      70 |  31.2 |      23 |       7 |  23.3
        D:4 |      42 |     651 |  93.9 |      11 |       1 |   8.3
        D:5 |     809 |       0 |   0.0 |      12 |       0 |   0.0
        D:6 |     905 |       0 |   0.0 |      20 |       0 |   0.0
        D:7 |    1043 |       7 |   0.7 |      18 |       4 |  18.2
        D:8 |     733 |       0 |   0.0 |      21 |       0 |   0.0
        D:9 |     869 |     839 |  49.1 |      10 |       1 |   9.1
    Abyss:2 |     342 |       0 |   0.0 |       2 |       0 |   0.0
    Ossuary |       0 |     255 | 100.0 |       0 |      32 | 100.0
     Bailey |       0 |     923 | 100.0 |       0 |      19 | 100.0
            +---------+---------+-------+---------+---------+-------
